 Dungeon Crawl Stone Soup version 0.27.0-1-g7a089689b8 (webtiles) character file.

Game seed: 14784041317426181980

39 Leibowitz the Cutter (level 3, 0/24 HPs)
             Began as a Kobold Berserker on Aug 6, 2021.
             Was a Believer of Trog.
             Frozen to death by an endoplasm (2 damage)
             ... on level 1 of the Dungeon.
             The game lasted 00:01:46 (1338 turns).

Leibowitz the Cutter (Kobold Berserker)             Turns: 1338, Time: 00:01:47

Health: 0/24       AC:  2    Str: 14    XL:     3   Next: 67%
Magic:  3/3        EV: 15    Int:  8    God:    Trog [**....]
Gold:   46         SH:  0    Dex: 15    Spells: 2/2 levels left

rFire    . . .     SeeInvis .   a - +0 short sword
rCold    . . .     Faith    .   (shield restricted)
rNeg     . . .     Spirit   .   b - +0 animal skin
rPois    .         Reflect  .   (no helmet)
rElec    .         Harm     .   (no cloak)
rCorr    .         Rampage  .   (no gloves)
Will     .....                  (no boots)
Stlth    +++.......             (no amulet)
HPRegen  0.08/turn              (no ring)
MPRegen  0.08/turn              (no ring)

@: no status effects
A: small, no large weapons, nightstalker 3
a: Renounce Religion, Berserk, Trog's Hand


You were on level 1 of the Dungeon.
You worshipped Trog.
Trog was pleased with you.
You visited 1 branch of the dungeon, and saw 1 of its levels.

You collected 46 gold pieces.

Inventory:

Hand Weapons
 a - a +0 short sword (weapon)
Armour
 b - a +0 animal skin (worn)
Scrolls
 c - a scroll of holy word {unknown}
 d - a scroll of teleportation {unknown}
 e - a scroll of immolation {unknown}
 g - a scroll of magic mapping {unknown}
 h - a scroll of identify {unknown}
Potions
 f - a potion of lignification {unknown}
 i - a potion of brilliance {unknown}


   Skills:
 * Level 3.6 Fighting
 * Level 5.1 Short Blades
 + Level 1.7 Armour
 * Level 2.5 Dodging
 * Level 1.1 Stealth


You had 2 spell levels left.
You didn't know any spells.
Your spell library was empty.

Dungeon Overview and Level Annotations

Branches:
Dungeon (1/15)

Altars:

Shops:
D:1 ?


Innate Abilities, Weirdness & Mutations

You are small and have problems with some larger weapons.
You are completely attuned to the shadows.


Message History

You now have 46 gold pieces (gained 5).
A hobgoblin comes into view.
The hobgoblin shouts!
An endoplasm comes into view.
Found a robe.
The hobgoblin misses you.
The endoplasm quivers.
You hit the hobgoblin but do no damage. You hit the hobgoblin.
The hobgoblin is severely wounded.
The hobgoblin closely misses you. The endoplasm freezes you.
You are frozen.
You hit the hobgoblin but do no damage.
The hobgoblin is severely wounded.
The hobgoblin closely misses you. The endoplasm freezes you.
You are frozen.
You closely miss the hobgoblin.
The hobgoblin is severely wounded.
The hobgoblin hits you. The endoplasm freezes you.
You are frozen.
You hit the hobgoblin.
You kill the hobgoblin!
Trog accepts your kill. The endoplasm completely misses you.
You see here a hobgoblin corpse.
You barely miss the endoplasm. The endoplasm hits you.
* * * LOW HITPOINT WARNING * * *
You hit the endoplasm but do no damage.
The endoplasm hits you but does no damage.
You completely miss the endoplasm. The endoplasm freezes you.
You are frozen.
* * * LOW HITPOINT WARNING * * *
You completely miss the endoplasm. The endoplasm freezes you.
You are frozen.
You die...

#...##.##......##
#......#####
##.##### #.# #.#
#.# ..# #.##
....## #..##
......## #@J.#
........# #......
.........'
##.[.##
.........# ##.##
#.......## .#
#.....## ##.†.##
##'## #.# #.#


You could see an endoplasm.

Vanquished Creatures
  A dart slug (D:1)
  An endoplasm (D:1)
  2 giant cockroaches (D:1)
  3 goblins (D:1)
  5 hobgoblins (D:1)
  3 jackals (D:1)
  4 quokkas (D:1)
  3 ball pythons (D:1)
  6 bats (D:1)
  2 kobolds (D:1)
  A rat (D:1)
31 creatures vanquished.

Notes
Turn   | Place    | Note
-------+----------+-------------------------------------------
     0 | D:1      | Leibowitz the Kobold Berserker began the quest for the Orb.
     0 | D:1      | Reached XP level 1. HP: 14/14 MP: 1/1
   178 | D:1      | Reached XP level 2. HP: 16/19 MP: 2/2
   707 | D:1      | Reached XP level 3. HP: 23/23 MP: 3/3
   886 | D:1      | Reached ** piety under Trog
   898 | D:1      | Reached skill level 5 in Short Blades
   978 | D:1      | Reached skill level 1 in Stealth
  1013 | D:1      | Found Othrept's Magic Scroll Shop.
  1338 | D:1      | Frozen to death by an endoplasm

Illustrated notes

Levels and vault maps discovered:
D:1:      nicolae_arrival_memento_mori, layout_loops_corners, serial_shops,
          shop, minmay_tetromino_l2

Skill      XL: |  1  2  3 |
---------------+----------+-----
Short Blades   | 5 |  5.1
Stealth        | 1 |  1.1
Fighting       | |  3.6
Armour         | |  1.7
Dodging        | |  2.5

Action                   || total
-------------------------++-------
Melee: Short sword       ||   100
 Stab: Sleeping          ||     7
Armor: Animal skin       ||    13
Dodge: Dodged            ||    84
